[Event "ICC tourney 1954 (60 10)"]
[Site "Internet Chess Club"]
[Date "2020.08.08"]
[Round "6"]
[White "SukrutN"]
[Black "mihirppatil04"]
[Result "1-0"]
[ICCResult "Black checkmated"]
[WhiteElo "1155"]
[BlackElo "1207"]
[Opening "Caro-Kann: advance variation"]
[ECO "B12"]
[NIC "CK.04"]
[Time "18:31:42"]
[TimeControl "3600+10"]

1. e4 c6 2. d4 d5 3. e5 Bf5 4. c3 e6 5. Nf3 c5 6. Bb5+ Nc6 7. O-O a6 8. Ba4
Bg4 9. Be3 cxd4 10. cxd4 Ne7 11. Nc3 Nf5 12. Rc1 Be7 13. a3 O-O 14. Bc2 f6
15. Bxf5 Bxf5 16. h3 fxe5 17. Nxe5 Nxe5 18. dxe5 Qe8 19. b4 Qg6 20. Kh2 Rac8
21. f4 a5 22. g4 Be4 23. f5 exf5 24. Nxe4 dxe4 25. Rxc8 Rxc8 26. gxf5 Qc6
27. Qg4 Kh8 28. f6 Bf8 29. e6 gxf6 30. Rg1 Bd6+ 31. Kh1 Qc7 32. Bh6 Bg3 33.
Rxg3 Qc1+ 34. Bxc1 Rxc1+ 35. Kh2 Rc2+ 36. Rg2 Rxg2+ 37. Qxg2 axb4 38. Qxe4
bxa3 39. Qa4 b5 40. Qxa3 b4 41. Qxb4 Kg7 42. Qe7+ Kg6 43. Qf7+ Kg5 44. Qxh7
Kf4 45. e7 f5 46. Qxf5+ Kxf5 47. e8=Q Kf4 48. Qg6 Ke5 49. h4 Kf4 50. h5 Ke5
51. h6 Kd5 52. h7 Kc4 53. Qd6 Kb5 54. h8=Q Ka5 55. Qc3+ Kb5 56. Qcb4#
{Black checkmated}
1-0

[Event "ICC tourney 1954 (60 10)"]
[Site "Internet Chess Club"]
[Date "2020.08.08"]
[Round "6"]
[White "MathWizKidA"]
[Black "Hedwig210"]
[Result "1-0"]
[ICCResult "Black checkmated"]
[WhiteElo "1381"]
[BlackElo "976"]
[Opening "QGD: Ragozin variation"]
[ECO "D38"]
[NIC "NI.27"]
[Time "18:32:14"]
[TimeControl "3600+10"]

1. d4 d5 2. c4 e6 3. Nc3 Nf6 4. Nf3 Bb4 5. Bf4 Nc6 6. e3 Ne4 7. Qc2 Nxc3 8.
bxc3 Bd6 9. Bg3 Bxg3 10. hxg3 b6 11. Bd3 g6 12. cxd5 exd5 13. Bb5 Bb7 14.
Ne5 Qf6 15. Qa4 O-O 16. Bxc6 Bxc6 17. Qxc6 Qxc6 18. Nxc6 Rfe8 19. Nb4 Rad8
20. Ke2 Rd6 21. Rh6 g5 22. Rxd6 cxd6 23. Nxd5 Kg7 24. Rh1 Rc8 25. Rh5 h6 26.
Kd3 f5 27. Ne7 Rf8 28. f4 Kf6 29. Nd5+ Kg6 30. Rh1 Kg7 31. Nc7 Rf7 32. Ne6+
Kg6 33. d5 gxf4 34. gxf4 Re7 35. Nd4 Rc7 36. Ne6 Rf7 37. e4 a6 38. c4 b5 39.
cxb5 axb5 40. Rb1 Ra7 41. exf5+ Kxf5 42. Nd4+ Kxf4 43. Nxb5 Rxa2 44. Rh1
Rxg2 45. Rxh6 Rg3+ 46. Kd4 Rg1 47. Rxd6 Rd1+ 48. Kc5 Rc1+ 49. Kb6 Rc8 50.
Rc6 Rb8+ 51. Kc5 Rd8 52. d6 Ke5 53. Rc7 Rb8 54. Kc6 Rxb5 55. Kxb5 Kxd6 56.
Rc5 Kd7 57. Kb6 Kd6 58. Rb5 Ke6 59. Kc6 Kf6 60. Kd6 Kg6 61. Ke6 Kh6 62. Kf6
Kh7 63. Rb7+ Kh6 64. Rb5 Kh7 65. Rb4 Kg8 66. Rh4 Kf8 67. Rh8# {Black
checkmated} 1-0

[Event "ICC tourney 1954 (60 10)"]
[Site "Internet Chess Club"]
[Date "2020.08.08"]
[Round "6"]
[White "nirvana2020"]
[Black "luciapanda"]
[Result "0-1"]
[ICCResult "White checkmated"]
[WhiteElo "778"]
[BlackElo "1049"]
[Opening "Giuoco Piano: four knights variation"]
[ECO "C50"]
[NIC "IG.02"]
[Time "18:34:06"]
[TimeControl "3600+10"]

1. e4 e5 2. Nf3 Nc6 3. Bc4 Bc5 4. Nc3 Nf6 5. a3 O-O 6. d3 h6 7. O-O d6 8. h3
Be6 9. Nd5 Bxd5 10. Bxd5 Nxd5 11. exd5 Ne7 12. c4 c6 13. dxc6 Nxc6 14. Nh2
d5 15. cxd5 Qxd5 16. Qg4 Kh8 17. Rd1 Qb3 18. Re1 Qxd3 19. Nf3 Rfe8 20. Qh5
Qc2 21. Rf1 Re7 22. Nh4 Nd4 23. Re1 Nb3 24. Re2 Qd1+ 25. Kh2 Nxa1 26. Be3
Bxe3 27. fxe3 Nc2 28. Nf5 Rd7 29. Qg4 Rg8 30. Qh5 Re8 31. Qg4 f6 32. Qh5
Red8 33. Ng3 Qb1 34. Qg6 Nxa3 35. Nf5 Qd3 36. Re1 Nc2 37. Rg1 Nxe3 38. Nh4
Qxg6 39. Nxg6+ Kh7 40. Nh4 Rd2 41. Re1 Nc4 42. b3 Na5 43. b4 Nc6 44. b5 Nd4
45. Rb1 e4 46. Re1 Nf3+ 47. Nxf3 exf3 48. Rg1 fxg2 49. Rxg2 Rxg2+ 50. Kxg2
Rd5 51. b6 a5 52. Kf3 a4 53. Ke4 Rb5 54. Kd4 a3 55. Kc4 Rxb6 56. Kc5 Rb1 57.
Kc4 a2 58. Kd5 a1=Q 59. Ke6 Qe5+ 60. Kf7 Re1 61. Kf8 Qe7# {White checkmated}
0-1

[Event "ICC tourney 1954 (60 10)"]
[Site "Internet Chess Club"]
[Date "2020.08.08"]
[Round "6"]
[White "haarim"]
[Black "vedanta07"]
[Result "1-0"]
[ICCResult "Black resigns"]
[WhiteElo "1192"]
[BlackElo "1257"]
[Opening "Sicilian: Sveshnikov variation"]
[ECO "B33"]
[NIC "SI.38"]
[Time "18:31:46"]
[TimeControl "3600+10"]

1. e4 c5 2. Nf3 Nc6 3. d4 cxd4 4. Nxd4 Nf6 5. Nc3 e5 6. Ndb5 d6 7. Bg5 a6 8.
Bxf6 gxf6 9. Na3 b5 10. Nd5 f5 11. Bd3 f4 12. c3 Be7 13. Qd2 Bg5 14. Qe2 h5
15. h3 Be6 16. Nc2 Bxd5 17. exd5 Ne7 18. Be4 f5 19. Bf3 O-O 20. Bxh5 Nxd5
21. g4 fxg3 22. fxg3 f4 23. h4 Bh6 24. Qg4+ Kh8 25. O-O-O fxg3+ 26. Kb1 Rg8
27. Qe6 Bf4 28. Qxd5 g2 29. Rhg1 Qxh4 30. Bf3 Bh2 31. Rxg2 Rxg2 32. Bxg2
{Black resigns}
1-0

[Event "ICC tourney 1954 (60 10)"]
[Site "Internet Chess Club"]
[Date "2020.08.08"]
[Round "6"]
[White "ThanhPoertner"]
[Black "nbhate"]
[Result "1-0"]
[ICCResult "Black resigns"]
[WhiteElo "979"]
[BlackElo "1141"]
[Opening "Sicilian: Anderssen variation"]
[ECO "B41"]
[NIC "SI.41"]
[Time "18:31:46"]
[TimeControl "3600+10"]

1. e4 c5 2. Nf3 e6 3. d4 cxd4 4. Nxd4 Nf6 5. Nc3 a6 6. a3 d5 7. Bg5 dxe4 8.
Nxe4 Qa5+ 9. b4 Qe5 10. Bb5+ axb5 11. Nxb5 Bxb4+ 12. c3 Qxe4+ 13. Qe2 Qxg2
14. Nc7+ Kd7 15. O-O-O+ Kxc7 16. Bf4+ Kb6 17. Be3+ Bc5 18. Qb2+ Kc6 19. Bxc5
Kxc5 20. Qb4+ Kc6 21. Rd6+ {Black resigns} 1-0

[Event "ICC tourney 1954 (60 10)"]
[Site "Internet Chess Club"]
[Date "2020.08.08"]
[Round "6"]
[White "CajunWyoCowboy"]
[Black "minecraftchess"]
[Result "0-1"]
[ICCResult "White resigns"]
[WhiteElo "1252"]
[BlackElo "985"]
[Opening "QGD Slav: 4.e3 Bf5"]
[ECO "D12"]
[NIC "SL.01"]
[Time "18:32:26"]
[TimeControl "3600+10"]

1. d4 d5 2. c4 c6 3. Nf3 Nf6 4. e3 Bf5 5. Nc3 e6 6. Bd3 Bg4 7. h3 Bxf3 8.
Qxf3 Bb4 9. Bd2 Bxc3 10. Bxc3 O-O 11. O-O b6 12. Rfe1 c5 13. dxc5 bxc5 14.
b3 Re8 15. Be5 Nc6 16. Bc3 e5 17. e4 d4 18. Bd2 Qc7 19. Qg3 h6 20. Bxh6 Nh5
21. Qg4 Kf8 22. Qxh5 gxh6 23. Qxh6+ Ke7 24. Qg5+ Kd7 25. Qf5+ Kd8 26. Rf1
Re7 27. f4 exf4 28. Rxf4 Nb4 29. Be2 Nc2 30. Rc1 Ne3 31. Qg5 Kc8 32. Qg8+
Kb7 33. Qg5 Rae8 34. Bd3 Re5 35. Qh4 Qd6 36. Rxf7+ Ka8 37. Rb1 Qg6 38. Rf2
R5e7 39. Be2 Rf7 40. g4 Qxe4 41. Qg3 Qxb1+ 42. Kh2 d3 43. Rxf7 dxe2 44. Qc7
Nxg4+ 45. hxg4 Rh8+ 46. Rh7 Qxh7+ {White resigns} 0-1

[Event "ICC tourney 1954 (60 10)"]
[Site "Internet Chess Club"]
[Date "2020.08.08"]
[Round "6"]
[White "yashvi"]
[Black "BenPaquet"]
[Result "1-0"]
[ICCResult "Black resigns"]
[WhiteElo "1320"]
[BlackElo "878"]
[Opening "English: four knights, kingside fianchetto"]
[ECO "A29"]
[NIC "EO.03"]
[Time "18:31:58"]
[TimeControl "3600+10"]

1. c4 e5 2. Nc3 Nf6 3. Nf3 Nc6 4. g3 d5 5. cxd5 Nxd5 6. Bg2 Nxc3 7. bxc3 Bc5
8. O-O O-O 9. e3 Bf5 10. d4 exd4 11. exd4 Bd6 12. d5 Ne7 13. Be3 c6 14. dxc6
Nxc6 15. Nd4 Nxd4 16. Bxd4 Rb8 17. Re1 Re8 18. Rxe8+ Qxe8 19. Bxa7 Ra8 20.
Qxd6 Rxa7 21. Qc5 Qa8 22. Qxf5 g6 23. Qf6 Rxa2 24. Rd1 Ra1 25. Rxa1 Qxa1+
26. Bf1 Qa5 27. Qf3 b6 28. c4 Qc5 29. Qd5 Qc7 30. Bg2 Kg7 31. Qc6 Qa7 32.
Qa8 Qc7 33. Qb7 Qxc4 34. Bd5 Qc1+ 35. Kg2 Kh6 36. Qxf7 Qb2 37. Qf8+ Qg7 38.
Qxg7+ Kxg7 39. Bc4 Kf6 40. Kf3 Ke5 41. Kg4 h6 42. Bd3 Kf6 43. h4 Kg7 44. h5
g5 45. f4 gxf4 46. gxf4 Kf6 47. f5 Ke5 48. Bb5 Kf6 49. Kf4 Kf7 50. Ke5 Ke7
51. f6+ Kf7 52. Kf5 Kf8 53. Kg6 Kg8 54. Kxh6 Kh8 55. Kg5 Kg8 56. h6 Kh8 57.
Kg6 Kg8 58. f7+ Kf8 59. h7 {Black resigns} 1-0

[Event "ICC tourney 1954 (60 10)"]
[Site "Internet Chess Club"]
[Date "2020.08.08"]
[Round "6"]
[White "adma2028"]
[Black "Metaworldchess"]
[Result "0-1"]
[ICCResult "White checkmated"]
[WhiteElo "1252"]
[BlackElo "1341"]
[Opening "Queen's pawn: London system"]
[ECO "A45"]
[NIC "QP.07"]
[Time "18:32:04"]
[TimeControl "3600+10"]

1. d4 Nf6 2. Bf4 c5 3. e3 g6 4. c3 Bg7 5. Nf3 O-O 6. Bc4 d6 7. Nbd2 a6 8. a4
cxd4 9. cxd4 Be6 10. Bxe6 fxe6 11. Qb3 Qd7 12. Ng5 Nd5 13. Bg3 h6 14. Nge4
Nc6 15. Nc4 b5 16. Ncd2 Na5 17. Qc2 Rac8 18. Nc3 b4 19. Qxg6 bxc3 20. bxc3
Rxc3 21. e4 Nf4 22. Bxf4 Rxf4 23. Rb1 Rf8 24. h4 Rc2 25. Rh3 Rf6 26. Qg4 Qc8
27. Rg3 Rf7 28. Qg6 Rc1+ 29. Rxc1 Qxc1+ 30. Ke2 Nc4 31. Qxh6 Qxd2+ 32. Qxd2
Nxd2 33. Kxd2 Rxf2+ 34. Ke3 Ra2 35. Kf4 Rxa4 36. Rg6 Kf7 37. h5 Rxd4 38. Rg3
Be5+ 39. Ke3 Bxg3 40. Kxd4 a5 41. Kc4 Kg7 42. Kb5 Be1 43. g4 Kh6 44. Kc4 a4
45. Kd3 a3 46. Kc2 a2 47. Kb2 a1=Q+ 48. Kxa1 Bc3+ 49. Kb1 Kg5 50. Kc2 Be5
51. Kd3 Kxg4 52. h6 Kh5 53. h7 Kh6 54. h8=Q+ Bxh8 55. Ke3 Be5 56. Kf3 Kg5
57. Ke3 Kg4 58. Ke2 Kf4 59. Kd3 Kf3 60. Kd2 Kxe4 61. Ke2 d5 62. Kd2 d4 63.
Ke2 d3+ 64. Kd2 Bf4+ 65. Kd1 d2 66. Ke2 Kd4 67. Kd1 Kc3 68. Ke2 Kc2 69. Kf3
d1=Q+ 70. Kxf4 Qd4+ 71. Kf3 Kd2 72. Kg2 Qf4 73. Kh3 Qg5 74. Kh2 Ke2 75. Kh3
Kf2 76. Kh2 Qh4# {White checkmated} 0-1

[Event "ICC tourney 1954 (60 10)"]
[Site "Internet Chess Club"]
[Date "2020.08.08"]
[Round "6"]
[White "FischerInThe90s"]
[Black "sujay2010"]
[Result "1/2-1/2"]
[ICCResult "Game drawn by repetition"]
[WhiteElo "1173"]
[BlackElo "1388"]
[Opening "QGD: Tartakower (Makagonov-Bondarevsky) system"]
[ECO "D58"]
[NIC "QO.10"]
[Time "18:32:00"]
[TimeControl "3600+10"]

1. d4 Nf6 2. c4 e6 3. Nc3 d5 4. Nf3 Be7 5. Bg5 h6 6. Bh4 O-O 7. e3 b6 8. Be2
Bb7 9. cxd5 Nxd5 10. Bxe7 Qxe7 11. O-O Nd7 12. a4 c5 13. a5 N7f6 14. dxc5
Qxc5 15. a6 Bc8 16. Rc1 Qa5 17. Nb5 Qb4 18. Qc2 Bxa6 19. Nfd4 Bxb5 20. Nxb5
Rfc8 21. Qxc8+ Rxc8 22. Rxc8+ Kh7 23. Nxa7 Qxb2 24. Bf3 Qa2 25. Nc6 b5 26.
e4 Nc3 27. e5 Nfd5 28. Nb8 b4 29. Nd7 b3 30. Nf8+ Kg8 31. Nxe6+ Kh7 32. Nf8+
Kg8 33. Ne6+ Kh7 34. Nf8+ Kg8 35. Ng6+ Kh7 36. Nf8+ Kg8 37. Ng6+ Kh7 38.
Nf8+ Kg8 39. Ng6+ Kh7 {Game drawn by repetition} 1/2-1/2

[Event "ICC tourney 1954 (60 10)"]
[Site "Internet Chess Club"]
[Date "2020.08.08"]
[Round "6"]
[White "amdink"]
[Black "CheckMate33"]
[Result "1-0"]
[ICCResult "Black checkmated"]
[WhiteElo "1097"]
[BlackElo "1236"]
[Opening "Sicilian: Najdorf variation"]
[ECO "B98"]
[NIC "SI.09"]
[Time "18:31:41"]
[TimeControl "3600+10"]

1. e4 c5 2. Nf3 d6 3. d4 cxd4 4. Nxd4 Nf6 5. Nc3 a6 6. Bg5 e6 7. f4 Be7 8.
Qf3 Qc7 9. O-O-O b5 10. a3 Bb7 11. Qg3 Nbd7 12. Re1 h6 13. Bh4 g5 14. fxg5
hxg5 15. Bxg5 Rc8 16. Kb1 b4 17. axb4 Qb6 18. Nb3 Qxb4 19. h4 Nxe4 20. Nxe4
Bxe4 21. Bd3 Bxd3 22. Qxd3 Nc5 23. Nxc5 Rxc5 24. Qxa6 Bxg5 25. hxg5 Kd7 26.
Qa7+ Rc7 27. Qf2 Rb8 28. b3 Rc3 29. Qxf7+ Kc6 30. Qxe6 Rc4 31. Rd1 Qc5 32.
Rxd6+ Qxd6 33. Qxc4+ Kb7 34. Rh7+ Kb6 35. Rh6 Qxh6 36. gxh6 Rb7 37. Qb4+ Ka7
38. Qxb7+ Kxb7 39. h7 Kb6 40. h8=Q Kb5 41. Qc8 Kb4 42. Qc4+ Ka5 43. Qc8 Kb4
44. Kb2 Kb5 45. g4 Kb4 46. c3+ Kb5 47. c4+ Kb4 48. Qc6 Ka5 49. Qb5#
{Black checkmated}
1-0

[Event "ICC tourney 1954 (60 10)"]
[Site "Internet Chess Club"]
[Date "2020.08.08"]
[Round "6"]
[White "dtoledo"]
[Black "Saturn015"]
[Result "0-1"]
[ICCResult "White resigns"]
[WhiteElo "1101"]
[BlackElo "1360"]
[Opening "Queen's Indian accelerated"]
[ECO "A50"]
[NIC "QP.07"]
[Time "18:32:22"]
[TimeControl "3600+10"]

1. d4 Nf6 2. c4 b6 3. Nc3 Bb7 4. Bg5 e6 5. e3 Be7 6. Nf3 O-O 7. Be2 d5 8.
cxd5 Nxd5 9. Bxe7 Qxe7 10. O-O c5 11. a3 Rd8 12. Qc2 Nc6 13. Rfd1 cxd4 14.
Nxd5 Rxd5 15. exd4 Rad8 16. Qa4 Qf6 17. h3 h6 18. Rab1 Ra5 19. Qc4 Ba6 20.
Qxc6 Bxe2 21. Rd2 Bxf3 22. Qxf3 Qxf3 23. gxf3 Rad5 24. Rbd1 e5 25. Kf1 exd4
26. f4 d3 27. Kg2 R8d6 28. Kf3 Rh5 29. Kg4 Rhd5 30. Kf3 f6 31. Ke4 Rb5 32.
b4 a5 33. Rxd3 Rxd3 34. Rxd3 axb4 35. Rb3 bxa3 36. Rxa3 Rb1 37. Ra8+ Kh7 38.
Rb8 Rh1 39. Rxb6 Rxh3 40. f5 h5 41. Kf4 Kh6 42. Rb1 Rh4+ 43. Kg3 Rg4+ 44.
Kf3 Kg5 45. Rh1 Rf4+ 46. Ke3 Rxf5 47. Rg1+ Kh6 48. f4 g5 49. fxg5+ fxg5 50.
Ke4 Rf8 51. Ke5 h4 52. Ke4 Kh5 53. Ke5 g4 54. Ke6 h3 55. Ke7 Rf2 56. Ke6 Kh4
57. Ke5 g3 58. Ke4 h2 59. Rh1 Kh3 60. Ke3 Rf8 61. Rd1 g2 62. Ke2 g1=Q 63.
Rd3+ Kg2 {White resigns} 0-1

[Event "ICC tourney 1954 (60 10)"]
[Site "Internet Chess Club"]
[Date "2020.08.08"]
[Round "6"]
[White "ronTic"]
[Black "potatos22"]
[Result "0-1"]
[ICCResult "White resigns"]
[WhiteElo "1158"]
[BlackElo "977"]
[Opening "Giuoco Piano"]
[ECO "C54"]
[NIC "IG.02"]
[Time "18:32:26"]
[TimeControl "3600+10"]

1. e4 e5 2. Nf3 Nc6 3. Bc4 Bc5 4. c3 Nf6 5. d4 exd4 6. cxd4 Bb4+ 7. Bd2 Nxe4
8. Bxb4 Nxb4 9. Qb3 d5 10. Qxb4 dxc4 11. Qxc4 O-O 12. O-O Bg4 13. Nbd2 Nxd2
14. Nxd2 Qg5 15. f4 Qe7 16. Rae1 Qd6 17. Ne4 Qb6 18. h3 Be6 19. Qc3 Bxa2 20.
Kh2 Be6 21. Nc5 Rad8 22. f5 Bd5 23. f6 gxf6 24. Ne4 Bxe4 25. Rxe4 Qd6+ 26.
Kh1 Kh8 27. Rf5 Rg8 28. Rh5 Rg7 29. Reh4 Re8 30. Kg1 Re2 31. Rxh7+ Rxh7 32.
Rxh7+ Kxh7 33. Qd3+ Kg7 34. Qxe2 Qxd4+ 35. Kh1 c5 36. Qb5 b6 37. Kh2 Qb4 38.
Qa6 Qxb2 39. Qxa7 c4 40. Qd7 Qe5+ 41. Kh1 c3 42. Qg4+ Qg5 43. Qc4 Qc1+ 44.
Kh2 c2 45. Qg4+ Qg5 {White resigns} 0-1

[Event "ICC tourney 1954 (60 10)"]
[Site "Internet Chess Club"]
[Date "2020.08.08"]
[Round "6"]
[White "shravanr"]
[Black "pranavg03"]
[Result "1-0"]
[ICCResult "Black resigns"]
[WhiteElo "1402"]
[BlackElo "1096"]
[Opening "Sicilian"]
[ECO "B54"]
[NIC "SI.01"]
[Time "18:31:45"]
[TimeControl "3600+10"]

1. e4 c5 2. Nf3 d6 3. d4 cxd4 4. Nxd4 e5 5. Nf3 Nf6 6. Bd3 Be7 7. Bg5 Nc6 8.
O-O O-O 9. Nc3 h6 10. Bh4 Be6 11. Bxf6 Bxf6 12. Re1 a6 13. Qd2 Qc7 14. Nd5
Bxd5 15. exd5 Ne7 16. Be4 Rac8 17. Rac1 Rfd8 18. Re2 b5 19. c3 a5 20. a3 a4
21. Qd3 Qb6 22. Bh7+ Kh8 23. Bf5 Nxf5 24. Qxf5 Rc5 25. Qe4 Rc4 26. Qd3 Re8
27. Nd2 Rg4 28. Rce1 Qb8 29. Re4 Rxe4 30. Rxe4 Re7 31. Rb4 Rb7 32. h3 Bd8
33. Rg4 Qc8 34. Ne4 Qd7 35. Ng3 g6 36. c4 bxc4 37. Qc3 h5 38. Rxc4 Rc7 39.
Rxc7 Bxc7 40. Ne4 Bb6 41. Qc6 Qf5 42. Qxb6 Qxe4 43. Qxd6 Qb1+ 44. Kh2 Qxb2
45. Qf8+ Kh7 46. Qxf7+ Kh6 47. Qf8+ Kh7 48. d6 Qd4 49. Qf7+ Kh6 50. d7 Qd6
51. Qe8 e4+ 52. g3 Qf6 53. Kg2 Qf3+ 54. Kg1 Qd1+ 55. Kh2 Qd4 56. Qf8+ Kh7
57. d8=Q {Black resigns} 1-0

[Event "ICC tourney 1954 (60 10)"]
[Site "Internet Chess Club"]
[Date "2020.08.08"]
[Round "6"]
[White "ruhanv"]
[Black "srsmv"]
[Result "1-0"]
[ICCResult "Black checkmated"]
[WhiteElo "953"]
[BlackElo "1156"]
[Opening "Queen's bishop game"]
[ECO "D02"]
[NIC "QP.08"]
[Time "18:32:07"]
[TimeControl "3600+10"]

1. d4 d5 2. Nf3 Nf6 3. Bf4 e6 4. e3 Be7 5. Bd3 O-O 6. O-O Nbd7 7. c3 b6 8.
Nbd2 Bb7 9. h3 c5 10. Ne5 cxd4 11. exd4 Rc8 12. Re1 Re8 13. Ndf3 Nxe5 14.
Nxe5 Nd7 15. Bb5 Nxe5 16. Bxe8 Ng6 17. Bxf7+ Kxf7 18. Qg4 Rc6 19. Re3 Kg8
20. Rae1 Bc8 21. Qg3 Nh4 22. Qh2 Nf5 23. Rf3 Qe8 24. g4 Nh4 25. Rfe3 Qf7 26.
Qg3 Qg6 27. Kh1 b5 28. a3 a5 29. Bc7 a4 30. Be5 Rc4 31. Bd6 Bf6 32. Bc5 Qf7
33. Qb8 Qd7 34. Rxe6 Kf7 35. Re8 Bb7 36. R1e7+ Bxe7 37. Rxe7+ Qxe7 38. Bxe7
Kxe7 39. Qxb7+ Kf8 40. Qb8+ Kf7 41. Qf4+ Kg8 42. Qb8+ Kf7 43. Qb7+ Kf8 44.
Qxb5 Rc8 45. Qb4+ Ke8 46. Qxa4+ Ke7 47. Qa7+ Kf8 48. Qd7 Re8 49. Qd6+ Kg8
50. Qxd5+ Kf8 51. Qd6+ Kg8 52. Kh2 Nf3+ 53. Kg3 Ng5 54. Qd5+ Nf7 55. Qd7 Rd8
56. Qxd8+ Nxd8 57. b4 Kf7 58. Kf4 Ke6 59. Ke4 Kd6 60. a4 Kc6 61. c4 Nb7 62.
d5+ Kb6 63. c5+ Kc7 64. d6+ Kd7 65. Kd5 Nd8 66. b5 Kc8 67. c6 Nf7 68. Ke6
Nd8+ 69. Ke7 g6 70. d7+ Kc7 71. b6+ Kxb6 72. Kxd8 Kxc6 73. Ke7 Kc7 74. d8=Q+
Kc6 75. a5 Kb5 76. Qb6+ Kc4 77. a6 Kd5 78. Qe6+ Kc5 79. a7 Kb5 80. a8=Q Kc5
81. Qec6+ Kd4 82. Qe6 Kd3 83. Qd8+ Kc3 84. Qc6+ Kb4 85. Qdb6+ Ka3 86. Qa8#
{Black checkmated}
1-0

[Event "ICC tourney 1954 (60 10)"]
[Site "Internet Chess Club"]
[Date "2020.08.08"]
[Round "6"]
[White "SoaringHawk24"]
[Black "iamlifamily"]
[Result "0-1"]
[ICCResult "White checkmated"]
[WhiteElo "1283"]
[BlackElo "1404"]
[Opening "Caro-Kann: advance variation"]
[ECO "B12"]
[NIC "CK.04"]
[Time "18:32:26"]
[TimeControl "3600+10"]

1. e4 c6 2. d4 d5 3. e5 Bf5 4. Nf3 e6 5. Bd3 Bg6 6. O-O Nd7 7. Bg5 Be7 8.
Bxe7 Nxe7 9. Qe2 O-O 10. Bxg6 Nxg6 11. Nbd2 Qb6 12. Qd3 c5 13. c3 Rac8 14.
Rab1 Qa6 15. Qxa6 bxa6 16. Rfc1 Nf4 17. Kf1 Rc7 18. Rd1 Rfc8 19. Nb3 cxd4
20. Nbxd4 Ng6 21. Re1 Nc5 22. Re3 Ne4 23. g3 Nxe5 24. Rxe4 Nxf3 25. Re2
Nxh2+ 26. Kg2 Ng4 27. f3 Nf6 28. Re3 Rb7 29. b4 Rbc7 30. Rb3 Nd7 31. Ra3 Nb6
32. Rxa6 Rxc3 33. Rxc3 Rxc3 34. Rxa7 g6 35. Nb5 Rc2+ 36. Kh3 Rc4 37. a3 d4
38. Rb7 Nd5 39. Nd6 Rc3 40. a4 Rxf3 41. a5 Ra3 42. Rxf7 Nxb4 43. Ra7 d3 44.
Ne4 Nd5 45. a6 Nb4 46. Nf6+ Kf8 47. Nxh7+ Ke8 48. Nf6+ Kd8 49. Rd7+ Kc8 50.
a7 Nd5 51. Rf7 d2 52. Nxd5 d1=Q 53. Nb6+ Kd8 54. Rf8+ Ke7 55. a8=Q Rxa8 56.
Rxa8 Qh1+ 57. Kg4 Qh5+ 58. Kf4 Qf5+ 59. Ke3 Qc5+ 60. Kd2 Qxb6 61. Ra2 Qf2+
62. Kc3 Qxa2 63. Kd3 e5 64. g4 Ke6 65. g5 Kd5 66. Ke3 e4 67. Kf4 Qf2+ 68.
Kg4 e3 69. Kh3 e2 70. Kg4 e1=Q 71. Kh3 Qh1+ 72. Kg4 Qhf3# {White checkmated}
0-1

[Event "ICC tourney 1954 (60 10)"]
[Site "Internet Chess Club"]
[Date "2020.08.08"]
[Round "6"]
[White "AnandVinod"]
[Black "Vidipkona"]
[Result "0-1"]
[ICCResult "White forfeits on time"]
[WhiteElo "1272"]
[BlackElo "1266"]
[Opening "Sicilian: Sozin attack"]
[ECO "B86"]
[NIC "SI.19"]
[Time "18:31:46"]
[TimeControl "3600+10"]

1. e4 c5 2. Nf3 d6 3. d4 cxd4 4. Nxd4 Nf6 5. Nc3 e6 6. Bc4 a6 7. Bb3 Nbd7 8.
O-O Nc5 9. Re1 Be7 10. f4 O-O 11. Nf3 b5 12. a3 Bb7 13. e5 dxe5 14. fxe5
Nfd7 15. Bf4 Nxb3 16. cxb3 Nb6 17. Qe2 Rc8 18. Rad1 Qc7 19. Bg5 Bc5+ 20. Be3
Bxe3+ 21. Qxe3 Nd5 22. Nxd5 Bxd5 23. b4 Rb8 24. Rc1 Qb6 25. Nd4 Rbc8 26. Kh1
Rfd8 27. Red1 Rxc1 28. Rxc1 Bb7 29. Rd1 Qc6 30. Qe2 Qd5 31. Rd2 Rc8 32. h3
h6 33. Nf3 Qc6 34. Ne1 Qc4 35. Qxc4 Rxc4 36. Rd8+ Kh7 37. Rd7 Be4 38. Rxf7
Rc1 39. Rf1 Rb1 40. Kg1 Rxb2 41. Rf4 Bd5 42. Rd4 Rb1 43. Kf2 Ra1 44. Rd3 Bc4
45. Re3 Kg8 46. g4 Kf7 47. Nf3 Rd1 48. Kg3 Bd5 {White forfeits on time} 0-1

[Event "ICC tourney 1954 (60 10)"]
[Site "Internet Chess Club"]
[Date "2020.08.08"]
[Round "6"]
[White "meahulm"]
[Black "aarush-narsina"]
[Result "1/2-1/2"]
[ICCResult "Game drawn by mutual agreement"]
[WhiteElo "971"]
[BlackElo "872"]
[Opening "Sicilian: Najdorf, Byrne (English) attack"]
[ECO "B90"]
[NIC "SI.14"]
[Time "18:32:26"]
[TimeControl "3600+10"]

1. e4 c5 2. Nf3 d6 3. d4 cxd4 4. Nxd4 Nf6 5. Nc3 a6 6. Be3 e5 7. Nf3 Be6 8.
h3 Be7 9. Be2 Nc6 10. O-O O-O 11. Qd2 Qc7 12. Rad1 Rad8 13. a3 Na5 14. b3 d5
15. exd5 Nxd5 16. Nxd5 Bxd5 17. Qc1 f6 18. Qb2 e4 19. Nd2 Rb8 20. c4 Be6 21.
Nxe4 b5 22. cxb5 axb5 23. Rc1 Qb7 24. Bc5 Qxe4 25. Bf3 Qg6 26. Bxe7 Rfe8 27.
Bd6 Nxb3 28. Rc3 Rbd8 29. Bg3 {Game drawn by mutual agreement} 1/2-1/2

[Event "ICC tourney 1954 (60 10)"]
[Site "Internet Chess Club"]
[Date "2020.08.08"]
[Round "6"]
[White "traycon"]
[Black "falcon2020"]
[Result "0-1"]
[ICCResult "White checkmated"]
[WhiteElo "894"]
[BlackElo "1188"]
[Opening "English: three knights system"]
[ECO "A27"]
[NIC "EO.21"]
[Time "18:32:23"]
[TimeControl "3600+10"]

1. c4 e5 2. Nc3 Nc6 3. Nf3 Bc5 4. e3 Nf6 5. d4 exd4 6. exd4 Be7 7. d5 Nb4 8.
a3 Na6 9. Be2 O-O 10. O-O Re8 11. b3 d6 12. Bd3 Bg4 13. Bb2 Nb8 14. Ne4 Nbd7
15. Nxf6+ Bxf6 16. Bxf6 Nxf6 17. h3 Bh5 18. Bc2 Qd7 19. Bd3 c6 20. Be2 Rac8
21. Re1 cxd5 22. cxd5 Rc5 23. Bc4 b5 24. Rxe8+ Qxe8 25. g4 bxc4 26. gxh5
Rxd5 27. Nd4 cxb3 28. Rc1 Ne4 29. Qg4 Rg5 30. Qxg5 Nxg5 31. Nxb3 Nxh3+ 32.
Kg2 Nf4+ 33. Kf1 Nxh5 34. Re1 Qxe1+ 35. Kxe1 Nf4 36. a4 h5 37. a5 h4 38. Kf1
Ne6 39. Nd2 Kf8 40. Nc4 Ke7 41. Na3 Nd4 42. a6 Kd7 43. Nc4 h3 44. Kg1 Nc2
45. Kh2 Nb4 46. Kxh3 Nxa6 47. f4 Nc5 48. Kg4 Ke6 49. Na5 d5 50. Nc6 a6 51.
Nd4+ Kf6 52. Nc6 Nb3 53. Nb4 d4 54. Kf3 d3 55. Nxd3 Kf5 56. Nb4 a5 57. Nc2
a4 58. Ne3+ Ke6 59. Nc4 Nd4+ 60. Ke4 Nb5 61. f5+ Kf6 62. Nd2 a3 63. Kd3 a2
64. Nb3 Kxf5 65. Kc2 g5 66. Kb2 g4 67. Kxa2 g3 68. Nc1 g2 69. Ne2 Nc3+ 70.
Nxc3 g1=Q 71. Kb3 Qe3 72. Kb4 Qxc3+ 73. Kxc3 Ke4 74. Kd2 Kf3 75. Kd3 f5 76.
Kd4 f4 77. Ke5 Ke3 78. Kf5 f3 79. Kg4 f2 80. Kg3 f1=Q 81. Kg4 Qf6 82. Kg3
Qg6+ 83. Kh3 Kf3 84. Kh4 Qg4# {White checkmated} 0-1

[Event "ICC tourney 1954 (60 10)"]
[Site "Internet Chess Club"]
[Date "2020.08.08"]
[Round "6"]
[White "thihansa"]
[Black "nonowho"]
[Result "1/2-1/2"]
[ICCResult "Game drawn by mutual agreement"]
[WhiteElo "1139"]
[BlackElo "1329"]
[Opening "Caro-Kann: classical variation"]
[ECO "B18"]
[NIC "CK.10"]
[Time "18:32:26"]
[TimeControl "3600+10"]

1. e4 c6 2. d4 d5 3. Nd2 dxe4 4. Nxe4 Bf5 5. Ng3 Bg6 6. Nf3 Nd7 7. Be2 Ngf6
8. c3 e6 9. Bg5 Bd6 10. Bd3 Bxd3 11. Qxd3 h6 12. Ne4 Be7 13. Nxf6+ Nxf6 14.
Bh4 O-O 15. O-O Rc8 16. Rad1 Qb6 17. Qc2 Rfd8 18. Rfe1 Rd7 19. Rd2 c5 20.
Red1 Rcd8 21. dxc5 Rxd2 22. Rxd2 Rxd2 23. Qxd2 Qxc5 24. Qd4 Qf5 25. Qd1 Qe4
26. Bg3 Nd5 27. Nd4 e5 28. f3 Qe3+ 29. Bf2 Qg5 30. h4 Ne3 31. hxg5 Nxd1 32.
Nf5 Bxg5 33. Bxa7 Nxb2 34. Nd6 Na4 35. Nxb7 Nxc3 36. a3 Be7 37. Bc5 Bxc5+
38. Nxc5 f6 39. a4 Kf7 40. a5 Ke7 41. a6 Nb5 42. Nd3 Kd6 43. Kf2 Kd5 44. Ke3
f5 45. g3 g5 46. f4 gxf4+ 47. gxf4 e4 48. Ne5 h5 49. Nf7 h4 50. Ng5 Kc5 51.
Nxe4+ fxe4 52. Kxe4 h3 53. Kf3 Kd4 54. Kg3 Ke4 55. Kxh3 Kxf4
{Game drawn by mutual agreement}
1/2-1/2